[Event "Early-Titled-Tuesday-Blitz-June-18-2024"]
[Site "Chess.com"]
[Date "2024.06.18"]
[Round "8"]
[White "Chaubunagungamaug1"]
[Black "MaestroCheck"]
[Result "1/2-1/2"]
[WhiteElo "2485"]
[BlackElo "2627"]
[TimeControl "180+1"]
[EndTime "9:31:38 PDT"]
[Termination "Game drawn - insufficient material"]

1. d4 d5 2. c4 c6 3. Nf3 Nf6 4. Nc3 e6 5. e3 Nbd7 6. Bd3 dxc4 7. Bxc4 b5 8. Bd3 b4 9. Ne4 Nxe4 10. Bxe4 Bb7 11. O-O Be7 12. Qc2 Rc8 13. a3 Nf6 14. axb4 Nxe4 15. Qxe4 Qb6 16. Bd2 O-O 17. Ne5 Rfd8 18.
Qf4 f6 19. Nc4 Qb5 20. Rfc1 Bxb4 21. Bxb4 Qxb4 22. Rxa7 c5 23. Nd6 Qxb2 24. Raa1 Ra8 25. Rab1 Qd2 26. Nxb7 Rdb8 27. Nxc5 Rb2 28. Qe4 Qxf2+ 29.
Kh1 Rab8 30. Rxb2 Qxb2 31. Qxe6+ Kh8 32. Rg1 Qc2 33. Nd7 Rd8 34. Nxf6 Qg6 35. Qe7 Rc8 36.
Nd7 Re8 37. Qc5 h6 38. Ne5 Qe4 39. Qc6 Rxe5 40. Qxe4 Rxe4 41. Re1 Kg8 42. Kg1 Kf7 43. Kf2 Ke6 44. Kf3 Kd5 45. Rc1 Re8 46. Rc5+ Kd6 47. e4 Rf8+ 48. Rf5 Ra8 49. Rd5+ Ke6 50. Re5+ Kd6 51.
Kf4 Ra2 52. Kg3 Ra3+ 53. Kh4 Ra2 54. Rd5+ Ke6 55. Re5+ Kd6 56. Kh3 Rd2 57. Rd5+ Ke6 58. Rd8 Re2 59. g3 Rxe4 60. Re8+ Kd5 61. Rxe4 Kxe4 62.
Kg4 g6 63. h4 Kxd4 64. h5 gxh5+ 65. Kxh5 Ke4 66. Kg4 Ke5 67. Kh5 Ke4 68. g4 Kf4 69.
Kh4 Kf3 70. Kh3 Kf4 71. Kh4 Kf3 72. Kh5 Kf4 73. Kxh6 Kxg4 1/2-1/2

[Event "Early-Titled-Tuesday-Blitz-June-18-2024"]
[Site "Chess.com"]
[Date "2024.06.18"]
[Round "8"]
[White "ural58"]
[Black "carloseduar100"]
[Result "1-0"]
[WhiteElo "2424"]
[BlackElo "2260"]
[TimeControl "180+1"]
[EndTime "9:31:39 PDT"]
[Termination "ural58 won on time"]

1. e4 e6 2. d4 d5 3. Nc3 Nf6 4. Bg5 Be7 5. e5 Nfd7 6. Bxe7 Qxe7 7. f4 a6 8. Qg4 O-O 9. Nf3 f5 10. Qh3 c5 11. g4 cxd4 12. Nxd4 Nc6 13. O-O-O Nxd4 14. Rxd4 b5 15. Rg1 Qc5 16. Qe3 Bb7 17.
gxf5 Rxf5 18. Bd3 Raf8 19. Bxf5 Rxf5 20. Ne2 Nb6 21. Qc3 Qxc3 22. Nxc3 g6 23. b3 Nd7 24. Nd1 Nc5 25. Ne3 Rf7 26. f5 exf5 27. Nxd5 Ne6 28. Rdd1 Kg7 29. Nf6 Rxf6 30. exf6+ Kxf6 31. Rd7 Be4 32. Rxh7 g5 33. Rh6+ Ke5 34. Kd2 Nd4 35. Rh3 g4 36.
Re3 Nf3+ 37. Rxf3 Bxf3 38. Ke3 f4+ 39. Kf2 Be4 40. Rxg4 Bxc2 41. Rg5+ Ke4 42. Rc5 Bb1 43. a4 bxa4 44. bxa4 Bd3 45. h4 Kd4 46. Rc8 Bc4 47.
Kf3 Bb3 48. a5 Ke5 49. Rf8 Bd5+ 50. Kf2 Bc4 51. h5 Bd3 52. h6 Bc2 53. Ra8 Bd3 54.
Rxa6 Bxa6 55. h7 Kd5 56. h8=Q Kc5 57. Qe5+ Kb4 58. Kf3 Bb5 59. Kxf4 Kxa5 60. Qc7+ Kb4 61. Ke5 Bc4 62. Kd4 Bb5 63. Qc5+ Ka5 64. Kc3 Ka6 65.
Kb4 1-0

[Event "Early-Titled-Tuesday-Blitz-June-18-2024"]
[Site "Chess.com"]
[Date "2024.06.18"]
[Round "8"]
[White "Mops_2004"]
[Black "Mikozovna"]
[Result "1-0"]
[WhiteElo "2812"]
[BlackElo "2628"]
[TimeControl "180+1"]
[EndTime "9:31:43 PDT"]
[Termination "Mops_2004 won by resignation"]

1. g3 d5 2. Nf3 Nf6 3. Bg2 g6 4. b3 Bg7 5. Bb2 O-O 6. c4 c6 7. O-O Bf5 8. d3 Nbd7 9. Nbd2 Re8 10. Nd4 e6 11. e4 dxe4 12. dxe4 Bg4 13. f3 e5 14. Nxc6 Qb6+ 15. Kh1 Bxf3 16. Qxf3 Qxc6 17. Rad1 Rad8 18. Nb1 Qe6 19. Nc3 Qg4 20. Qxg4 Nxg4 21. Nd5 Ndf6 22. Rd3 Nxd5 23. cxd5 f6 24. Bh3 h5 25.
Bxg4 hxg4 26. Kg2 Rd7 27. h3 gxh3+ 28. Kxh3 Kf7 29. Rc3 Bf8 30. Kg2 Bd6 31. Rh1 Kg7 32.
Bc1 f5 33. Bh6+ Kf6 34. Rf1 Rh8 35. Be3 Rf7 36. Bxa7 Kg7 37. exf5 gxf5 38. Rcf3 f4 39.
gxf4 exf4 40. Bd4+ Kg8 41. Bxh8 Kxh8 42. Rh3+ Kg7 43.
Kf3 Bc5 44. Rc1 b6 45. Rc4 Re7 46. Kxf4 Bd6+ 47. Kg4 Re1 48. Rf3 Rg1+ 49. Kf5 Kf7 50. Rg4 Re1 51. Kg5+ Ke7 52. Kg6 Kd7 53. Rf7+ Be7 54.
Rgf4 Kd6 55. Kf5 Kxd5 56. Rf3 Re5+ 57. Kg4 Bd6 58. R3f5 Rxf5 59. Kxf5 Kc6 60. Ke6 Bc5 61.
Rf3 b5 62. Rc3 Kb6 63. Rc2 Bd4 64. Kd5 Bf6 65. Rc6+ Ka5 66. Rxf6 b4 67. Rf2 Kb5 68. Rc2 Ka5 69. Kc5 Ka6 70. Kxb4 1-0

[Event "Early-Titled-Tuesday-Blitz-June-18-2024"]
[Site "Chess.com"]
[Date "2024.06.18"]
[Round "8"]
[White "Fore_Man"]
[Black "Tol_Tol"]
[Result "0-1"]
[WhiteElo "2167"]
[BlackElo "2358"]
[TimeControl "180+1"]
[EndTime "9:31:45 PDT"]
[Termination "Tol_Tol won by checkmate"]

1. Nf3 Nf6 2. d4 g6 3. c4 Bg7 4. Nc3 O-O 5. e4 d6 6. h3 c5 7. d5 e6 8. Be2 exd5 9. exd5 Re8 10. O-O Nbd7 11. Be3 Rxe3 12. fxe3 Qe7 13. Qd3 a6 14. e4 Nh5 15. Qe3 Ng3 16. Rfe1 Ne5 17. Nxe5 Bxe5 18.
Rad1 Bd7 19. Qf3 h5 20. Bf1 Qg5 21. Ne2 h4 22. Nxg3 Bxg3 23. Re3 Re8 24. Rb3 Bc8 25. Kh1 Qe7 26. Re3 Qe5 27. b3 Bd7 28. Re2 Kg7 29. Rc1 Rh8 30. Qc3 Rh5 31. Qxe5+ Bxe5 32. Rd1 b5 33. Rf2 b4 34. Be2 Rg5 35. Rdf1 Be8 36. Bg4 f6 37. Bc8 a5 38. Bg4 a4 39. bxa4 Bxa4 40. Rb1 Bg3 41. Re2 Re5 42. a3 b3 43.
Bf3 Rg5 44. Re3 Be5 45. Rexb3 Bxb3 46. Rxb3 f5 47. exf5 Rxf5 48. a4 Bg3 49. a5 Rf4 50. Rc3 Rd4 51. Rc1 Rd2 52. Kg1 Ra2 53. Bg4 Rxa5 54.
Rb1 Ra2 55. Rb7+ Kf6 56. Rb1 Ke5 57. Bf3 Kd4 58. Rc1 Bf4 59. Rd1+ Kxc4 60. Be4 Be3+ 61. Kh1 Bd4 62. Bxg6 Kc3 63. Be4 Kc4 64. g4 hxg3 65. h4 Rh2# 0-1

[Event "Early-Titled-Tuesday-Blitz-June-18-2024"]
[Site "Chess.com"]
[Date "2024.06.18"]
[Round "8"]
[White "ab-lsv"]
[Black "marvinguevara"]
[Result "0-1"]
[WhiteElo "2340"]
[BlackElo "2152"]
[TimeControl "180+1"]
[EndTime "9:31:45 PDT"]
[Termination "marvinguevara won by checkmate"]

1. d4 Nf6 2. c4 d6 3. Nc3 e5 4. d5 g6 5. e4 Bg7 6. Be2 O-O 7. Nf3 Nbd7 8. Be3 a5 9. Nd2 b6 10. g4 Nc5 11. g5 Nfd7 12. h4 f5 13. gxf6 Nxf6 14.
h5 gxh5 15. f3 Qe8 16. Qc2 Kf7 17. O-O-O Ke7 18. Rdg1 Rg8 19. f4 exf4 20. Bxf4 Bg4 21. e5 dxe5 22. Bxe5 Kd8 23. Bxf6+ Bxf6 24. Nde4 Bxc3 25.
Nxc3 Kc8 26. Bxg4+ hxg4 27. Rxh7 Qe3+ 28. Qd2 Qxg1+ 29.
Kc2 Qf1 30. Rh5 Qd3+ 31. Qxd3 Nxd3 32. Kxd3 g3 33. Ne2 g2 34. Ng1 Kb7 35. Rh7 Raf8 36.
d6 Kc6 37. dxc7 Rf1 38. Ne2 g1=Q 39. Nxg1 Rfxg1 40. b3 Rc8 41. Rh6+ Kb7 42. Rh7 Rxc7 43. Rh6 Rg3+ 44. Kc2 Rg2+ 45. Kc3 Ka6 46. a4 Ra2 47. Rh8 Ra1 48. Kb2 Rf1 49. Ra8+ Kb7 50. Rh8 Re7 51.
Rh6 Rf2+ 52. Kc3 Rf3+ 53. Kd4 Rxb3 54. c5 Rb4+ 55. Kd5 bxc5 56. Kxc5 Rxa4 57. Kb5 Ra1 58.
Rb6+ Kc8 59. Rc6+ Kb8 60. Rb6+ Rb7 61. Rxb7+ Kxb7 62. Kc4 a4 63. Kc3 a3 64. Kc2 Rh1 65.
Kb3 Rh3+ 66. Ka2 Ka6 67. Ka1 Ka5 68. Ka2 Ka4 69. Ka1 Kb3 70. Kb1 Rh1# 0-1

[Event "Early-Titled-Tuesday-Blitz-June-18-2024"]
[Site "Chess.com"]
[Date "2024.06.18"]
[Round "8"]
[White "Zhani-Z"]
[Black "SuperPower2011"]
[Result "1/2-1/2"]
[WhiteElo "2454"]
[BlackElo "2715"]
[TimeControl "180+1"]
[EndTime "9:31:51 PDT"]
[Termination "Game drawn by stalemate"]

1. e4 c5 2. f3 Nf6 3. c4 Nc6 4. Ne2 e6 5. d4 cxd4 6. Nxd4 d5 7. cxd5 exd5 8. Bb5 Bd7 9. Bxc6 bxc6 10. e5 Ng8 11. O-O Bc5 12. Nc3 Ne7 13. Na4 Bb6 14. b4 O-O 15.
Kh1 Kh8 16. Be3 Ng6 17. f4 Re8 18. Bg1 Qh4 19. Qe1 Qh5 20. Qg3 Nh4 21. Rac1 Rac8 22. Nc5 Bxc5 23. Rxc5 Nf5 24. Nxf5 Bxf5 25. Bd4 Be4 26.
Re1 Qh6 27. a3 Kg8 28. h3 Re6 29. f5 Bxf5 30. Be3 Qg6 31. Qxg6 hxg6 32. Bd4 Be4 33. Kg1 f6 34. exf6 gxf6 35. Rec1 Kf7 36. b5 Ke7 37. Rxc6 Rexc6 38. Rxc6 Rb8 39. a4 Bc2 40. Ra6 Rb7 41. Bxf6+ Kd7 42. Bd4 Kc7 43. Kf2 Kb8 44. Ke3 Re7+ 45.
Kd2 Be4 46. g4 Bg2 47. Rxg6 Bxh3 48. g5 Bf5 49. Rf6 Be4 50. g6 Kc8 51. g7 Bh7 52.
Rf8+ Kd7 53. g8=Q Bxg8 54. Rxg8 Re4 55. Rg7+ Kd6 56. Rg6+ Kd7 57. Kd3 Re1 58. Ra6 Rd1+ 59.
Kc3 Rc1+ 60. Kd2 Rc4 61. Rxa7+ Kd6 62. Ra6+ Kd7 63. Kd3 Rc1 64. Rc6 Rd1+ 65. Kc3 Rc1+ 66. Kb4 Rxc6 67. bxc6+ Kxc6 68. Ka5 Kb7 69. Kb5 Ka8 70. Kc6 Kb8 71. Kxd5 Ka8 72. Kc6 Kb8 73. a5 Ka8 74. a6 Kb8 75. a7+ Ka8 76. Kb6 1/2-1/2

[Event "Early-Titled-Tuesday-Blitz-June-18-2024"]
[Site "Chess.com"]
[Date "2024.06.18"]
[Round "8"]
[White "salomez"]
[Black "FerAsensio2024"]
[Result "1/2-1/2"]
[WhiteElo "2362"]
[BlackElo "2519"]
[TimeControl "180+1"]
[EndTime "9:31:54 PDT"]
[Termination "Game drawn by repetition"]

1. e4 c6 2. d4 d5 3. exd5 cxd5 4. Bd3 Nc6 5. c3 Nf6 6. Bf4 g6 7. Nf3 Bf5 8. Bb5 Qb6 9. Bxc6+ bxc6 10. Qb3 Bg7 11. Nbd2 O-O 12. O-O Bd3 13. Rfe1 e6 14. Bd6 Rfd8 15. Be5 Nd7 16. Bxg7 Kxg7 17. Ne5 Nxe5 18.
Rxe5 c5 19. Nf3 Be4 20. Nd2 Bd3 21. Nf3 Rab8 22. Qxb6 Rxb6 23. b3 cxd4 24. Nxd4 Rc8 25. Rc1 Rb7 26. f4 Rbc7 27. Re3 Ba6 28. Kf2 Kf6 29.
Ke1 h5 30. Kd2 Ke7 31. Rce1 Bb7 32. g3 Kf8 33. h3 Kg7 34. g4 hxg4 35. hxg4 Rh8 36.
f5 gxf5 37. gxf5 Rh2+ 38. R1e2 Rxe2+ 39. Rxe2 exf5 40. Nxf5+ Kf6 41. Nd4 Bc8 42. Rf2+ Ke7 43. Re2+ Kf8 44. Rf2 Re7 45. Nc6 Rc7 46. Ne5 Kg7 47.
Kd3 Ba6+ 48. Kd4 Bc8 49. Rg2+ Kf8 50. Rf2 Be6 51. Ng6+ Kg8 52. Ne5 Rb7 53. b4 a5 54.
a3 a4 55. Rg2+ Kf8 56. Rf2 Rc7 57. Rb2 Rb7 58. b5 Ke7 59. b6 Kd6 60. c4 dxc4 61.
Nxc4+ Bxc4 62. Kxc4 Kc6 63. Kd4 Rxb6 64. Rf2 Rb7 65.
Rf6+ Kb5 66. Kc3 Rc7+ 67. Kb2 Re7 68. Kc3 Rc7+ 69. Kb2 Rd7 70. Kc3 Ka5 71. Kb2 Rc7 72. Ka2 Kb5 73. Kb2 1/2-1/2

[Event "Early-Titled-Tuesday-Blitz-June-18-2024"]
[Site "Chess.com"]
[Date "2024.06.18"]
[Round "8"]
[White "zimmm36"]
[Black "evgchess5"]
[Result "1/2-1/2"]
[WhiteElo "2792"]
[BlackElo "2928"]
[TimeControl "180+1"]
[EndTime "9:31:56 PDT"]
[Termination "Game drawn - insufficient material"]

1. c4 c5 2. Nc3 Nc6 3. Nf3 Nf6 4.
d4 cxd4 5. Nxd4 Qb6 6. Nc2 e6 7. e4 Be7 8. Be2 O-O 9. O-O d6 10. Rb1 Qc7 11. Ne3 b6 12. b3 Bb7 13. Bb2 a6 14. Rc1 Ne5 15. f4 Ned7 16. Bf3 Rac8 17. Re1 Rfe8 18. Kh1 Bf8 19. Qc2 Qb8 20. Rcd1 b5 21.
cxb5 axb5 22. Qb1 b4 23. Ne2 Qa8 24. Ng3 e5 25. f5 Nb6 26. Rd2 Qa5 27. Red1 Ra8 28. Ba1 Rec8 29. h4 Qc5 30. Ngf1 h5 31. Kh2 g6 32. Bb2 Qa5 33. Ba1 Qc5 34. Bb2 Qc7 35.
Rc2 Qe7 36. Rxc8 Rxc8 37. g3 Bh6 38. Rc1 Rxc1 39. Bxc1 Qc7 40. Bd2 Qc5 41. Qc2 Qxc2 42. Nxc2 Bf8 43. fxg6 fxg6 44. Be3 Nbd7 45. Nd2 d5 46. exd5 Bxd5 47. Kg2 Kf7 48. Nc4 Ke6 49. Kf2 Ne4+ 50. Kg2 Nc3 51. Bxd5+ Kxd5 52. Bd2 Nxa2 53. Kf3 Ke6 54. Ke4 Nc5+ 55. Kf3 Nxb3 56. Be1 Nd4+ 57. Nxd4+ exd4 58. Ke4 Bc5 59. Kd3 Kd5 60. Na5 Nc1+ 61. Kc2 Ne2 62. Nb3 Nc3 63. Kd3 Bb6 64. Bd2 Na2 65.
Be1 Nc3 66. Bd2 Bc5 67. Bf4 Bb6 68. Bh6 Bc7 69. Bf8 Bxg3 70. Bxb4 Bxh4 71. Nxd4 Bf6 72. Bxc3 Bxd4 73. Bxd4 g5 74. Bg1 g4 75. Ke3 g3 76.
Kf3 h4 77. Kg4 Ke6 78. Kxh4 Kd5 79. Kxg3 1/2-1/2

[Event "Early-Titled-Tuesday-Blitz-June-18-2024"]
[Site "Chess.com"]
[Date "2024.06.18"]
[Round "8"]
[White "SpongeBob_03"]
[Black "sachiniranasinghe"]
[Result "0-1"]
[WhiteElo "2213"]
[BlackElo "1954"]
[TimeControl "180+1"]
[EndTime "9:31:57 PDT"]
[Termination "sachiniranasinghe won on time"]

1. d4 Nf6 2. c4 g6 3. Nc3 Bg7 4. e4 d6 5. Nf3 O-O 6. Be2 e5 7. O-O Nc6 8. d5 Ne7 9. b4 a5 10.
bxa5 Rxa5 11. a4 b6 12. Ba3 Ne8 13. Bb4 Ra8 14. a5 c5 15. dxc6 Nxc6 16. Nd5 Nxb4 17. Nxb4 bxa5 18. c5 Bg4 19. Nc6 Qc7 20. Qa4 dxc5 21.
Rfc1 Nd6 22. Rxc5 Nb7 23. Rc3 Rfc8 24. Rac1 h6 25. Bc4 Kh7 26. Bd5 Qd6 27. h3 Be6 28.
Bxe6 Qxe6 29. Qb5 Nd6 30. Qd5 Qxd5 31. exd5 e4 32. Nfe5 Bxe5 33. Nxe5 Rxc3 34. Rxc3 a4 35. Ra3 Kg7 36. Kf1 Ra5 37. Nc6 Rxd5 38. Rxa4 f5 39. Ke2 Kf6 40. Rd4 Rxd4 41. Nxd4 Ke5 42. Nc6+ Kf6 43. Nd4 g5 44. Ke3 f4+ 45. Ke2 Nc4 46.
Nc6 Ne5 47. Nb4 h5 48. Nc2 Kf5 49. Nd4+ Kf6 50. Kd2 Ng6 51. Ke2 Ne7 52. Kd2 Nf5 53. Nc6 Ke6 54. Nb4 Ke5 55. Nc2 Kd5 56. Ke2 Nd4+ 57.
Nxd4 Kxd4 58. g3 f3+ 59. Kd2 e3+ 60. fxe3+ Ke4 0-1

[Event "Early-Titled-Tuesday-Blitz-June-18-2024"]
[Site "Chess.com"]
[Date "2024.06.18"]
[Round "8"]
[White "nihalsarin"]
[Black "Sargsyan_Shant"]
[Result "1/2-1/2"]
[WhiteElo "3192"]
[BlackElo "2997"]
[TimeControl "180+1"]
[EndTime "9:31:58 PDT"]
[Termination "Game drawn by repetition"]

1. d4 Nf6 2. Nf3 d5 3. c4 e6 4.
Nc3 Bb4 5. e3 O-O 6. Bd2 b6 7.
cxd5 exd5 8. Rc1 Bb7 9. Bd3 Re8 10. Nb5 Na6 11. O-O c6 12. Bxb4 Nxb4 13. Nc3 Nxd3 14. Qxd3 Qd6 15. b3 Rac8 16. Rfd1 g6 17. h3 Kg7 18.
Qd2 h5 19. Qb2 Rc7 20. b4 Rce7 21. a4 a6 22. Ne2 Ne4 23. Nf4 Qf6 24. Nd3 Nd6 25.
Nfe5 b5 26. axb5 axb5 27. Nc5 Nc4 28. Qe2 Bc8 29. Qf3 Nxe5 30. Qxf6+ Kxf6 31. dxe5+ Kxe5 32. Nb3 Kd6 33. Nd4 Bb7 34. Ra1 Ra8 35. Rxa8 Bxa8 36. Ra1 Bb7 37. Ra7 Kc7 38. Nb3 Kb6 39. Ra1 Re4 40.
Nd4 Re8 41. g4 hxg4 42. hxg4 Ra8 43. Rxa8 Bxa8 44. Nb3 Bb7 45. f3 g5 46. Kf2 Bc8 47. Nc5 Kc7 48. Ke2 f5 49. gxf5 Bxf5 50. Kd2 Kd6 51.
Kc3 Ke5 52. Nb3 Bh3 53. Nd4 Kd6 54. Kd2 Bd7 55. Nb3 Bc8 56. Kc3 Ke5 57. Nd4 Bd7 58.
Kd2 Kd6 59. Nb3 Bh3 60. Nd4 Bf1 61. Nf5+ Kc7 62. Nd4 Kd6 63. Nf5+ Kd7 64. Nd4 Bc4 65. Kc3 Bf1 66. Kd2 Bh3 67. Nb3 Kd6 68. Nd4 1/2-1/2

[Event "Early-Titled-Tuesday-Blitz-June-18-2024"]
[Site "Chess.com"]
[Date "2024.06.18"]
[Round "8"]
[White "Mysterio47"]
[Black "jguerramzllo"]
[Result "1-0"]
[WhiteElo "2837"]
[BlackElo "2670"]
[TimeControl "180+1"]
[EndTime "9:31:59 PDT"]
[Termination "Mysterio47 won on time"]

1. e4 e5 2. Nf3 Nc6 3. Bc4 Bc5 4. c3 Nf6 5. d4 exd4 6. cxd4 Bb4+ 7. Nbd2 d5 8. exd5 Nxd5 9. O-O Bxd2 10. Bxd2 O-O 11. h3 Bf5 12. Qb3 Nb6 13. d5 Nxc4 14.
Qxc4 Ne7 15. Bb4 Re8 16. Rad1 Nc8 17. Qf4 Bg6 18. Rfe1 Rxe1+ 19. Rxe1 Nd6 20. Ne5 a5 21. Bxd6 cxd6 22. Nc4 Ra6 23. a4 f6 24. Qd4 Bf7 25. b3 h6 26. h4 h5 27. Re3 Ra8 28. Nb6 Ra6 29. Nc4 Ra8 30. Rd3 Rc8 31. Qf4 Rc5 32.
Nxd6 Qc7 33. Rg3 Kf8 34. Rf3 Rxd5 35. Nxf7 Qxf4 36. Rxf4 Kxf7 37. Rc4 Ke6 38. Rc7 Rd7 39.
Rc5 b6 40. Rxh5 Rd3 41. Rb5 Rd6 42.
g3 f5 43. Kg2 g6 44. Kf3 Kd7 45. h5 gxh5 46. Kf4 Ke6 47. Re5+ Kf6 48. Rxf5+ Kg6 49. Rg5+ Kh6 50. Rb5 Rf6+ 51. Ke3 Re6+ 52. Kd3 Rf6 53. f4 Rg6 54. Ke4 Rxg3 55. Rxb6+ Kg7 56. f5 h4 57. Kf4 Rg1 58. Rb7+ Kf6 59. Rb6+ Kg7 60. Rb7+ Kf6 61. Rh7 Rb1 62. Rh6+ Kg7 63. Rxh4 Rxb3 64. Kg5 Rb4 65. Rg4 Kf7 66. Rf4 Rb3 67. Rd4 Rb4 68. Rf4 Rb2 69. f6 Rb6 70. Rf5 Ra6 71. Re5 Rb6 72.
Rxa5 Rxf6 73. Ra7+ Ke6 74. Ra6+ Ke5 75. Rxf6 1-0

[Event "Early-Titled-Tuesday-Blitz-June-18-2024"]
[Site "Chess.com"]
[Date "2024.06.18"]
[Round "8"]
[White "SicilianPanzer"]
[Black "IndianSchoolOfSuffering"]
[Result "1/2-1/2"]
[WhiteElo "2365"]
[BlackElo "2514"]
[TimeControl "180+1"]
[EndTime "9:32:00 PDT"]
[Termination "Game drawn by stalemate"]

1. d4 Nf6 2. Nf3 g6 3. g3 Bg7 4. Bg2 c5 5. O-O cxd4 6. Nxd4 Nc6 7. c4 O-O 8. Nc3 Nxd4 9. Qxd4 d6 10. h3 a6 11. Qh4 Be6 12. Bg5 Rc8 13. b3 b5 14.
Bb7 bxc4 15. Bxc8 Qxc8 16. Rac1 cxb3 17. Nd5 Qd8 18. Bxf6 exf6 19. Nc7 bxa2 20. Nxe6 fxe6 21. Qc4 d5 22. Qxa6 Qa8 23. Qxe6+ Kh8 24. Qd7 f5 25.
Rc7 Rg8 26. Ra7 Qe8 27. Qxe8 Rxe8 28. Rxa2 h5 29. Rd1 d4 30. Ra6 Kh7 31. Kf1 h4 32.
gxh4 Re4 33. h5 gxh5 34. Rc1 Be5 35. Ra7+ Kg6 36. Rc6+ Kg5 37. f3 Re3 38. Kf2 h4 39. Ra5 Bg3+ 40. Kf1 d3 41. Ra2 dxe2+ 42. Rxe2 Rxf3+ 43.
Kg2 Rb3 44. Rc5 Ra3 45. Rb2 Rd3 46. Rbb5 Rd2+ 47. Kg1 Rf2 48. Rd5 Rf3 49. Rdc5 Rf2 50. Rd5 Rf4 51. Re5 Rf3 52. Red5 Rf4 53. Re5 Kg6 54. Re6+ Kf7 55. Rh6 Re4 56. Rh5 f4 57. Rh7+ Kg6 58. Ra7 Re6 59. Rba5 f3 60. R7a6 Rxa6 61.
Rxa6+ Kf5 62. Ra3 Ke4 63. Kf1 Be5 64. Ra4+ Bd4 65. Rb4 Ke3 66. Rb8 Be5 67. Re8 Kf4 68. Rf8+ Kg3 69. Rf5 Bd4 70. Rf7 f2 71. Rd7 Be3 72.
Rd3 Kf3 73. Ra3 Ke4 74. Ra4+ Bd4 75. Ke2 Ke5 76. Ra5+ Kf4 77. Rh5 Kg3 78. Rd5 Kg2 79.
Rg5+ Kxh3 80. Kf1 Be3 81. Rg6 Kh2 82. Rg8 h3 83. Rg4 Kh1 84. Rg3 h2 85. Rh3 Bd4 86. Rh4 Bf6 87. Rh5 Bd4 88. Rh3 Be3 89. Rxe3 1/2-1/2

[Event "Early-Titled-Tuesday-Blitz-June-18-2024"]
[Site "Chess.com"]
[Date "2024.06.18"]
[Round "8"]
[White "Revan_2002"]
[Black "maximnovik"]
[Result "0-1"]
[WhiteElo "2730"]
[BlackElo "2570"]
[TimeControl "180+1"]
[EndTime "9:32:02 PDT"]
[Termination "maximnovik won on time"]

1. Nf3 Nf6 2. g3 g6 3. Bg2 d5 4. O-O Bg7 5. d3 O-O 6. Nbd2 c5 7. e4 e6 8. Re1 Nc6 9. c3 a5 10. e5 Nd7 11. d4 cxd4 12. cxd4 f6 13. exf6 Qxf6 14. Nb3 a4 15. Bg5 Qf7 16. Nc1 a3 17. bxa3 Nxd4 18. Nxd4 Qxf2+ 19. Kh1 Qxd4 20. Qxd4 Bxd4 21.
Rb1 Nc5 22. Rd1 Bg7 23. Be7 Na4 24. Bxf8 Kxf8 25. Ne2 Ke7 26. Rdc1 Kd6 27. Rb4 Bb2 28. Rc2 Bxa3 29. Rxa4 Rxa4 30. Rxc8 Bb2 31. Bf3 Rxa2 32. Rd8+ Ke7 33. Rb8 Ra7 34. Kg2 Be5 35. Rc8 b5 36.
Nc1 Rc7 37. Rxc7+ Bxc7 38. Be2 b4 39. Nb3 Kd6 40. Kf3 Bb6 41. h4 e5 42. g4 e4+ 43. Kf4 Bf2 44. h5 gxh5 45. gxh5 h6 46. Kf5 Be3 47. Bf1 Bg5 48. Bg2 Be3 49. Bf1 Bb6 50. Be2 Bd8 51. Nd4 Bb6 52. Nb3 Be3 53.
Ba6 Kc6 54. Ke5 Bg1 55. Bf1 Bh2+ 56. Ke6 Bf4 57. Bg2 Be3 58. Bf1 Bf4 59. Bg2 Be3 60. Bh1 Bg5 61. Ke5 Bh4 62. Nd4+ Kc5 63. Ne6+ Kc4 64. Bg2 Bg3+ 65. Kf5 b3 66. Bf1+ Kc3 67. Nc5 Kb4 0-1

[Event "Early-Titled-Tuesday-Blitz-June-18-2024"]
[Site "Chess.com"]
[Date "2024.06.18"]
[Round "8"]
[White "abelmat"]
[Black "Cmorales2001"]
[Result "0-1"]
[WhiteElo "2052"]
[BlackElo "2323"]
[TimeControl "180+1"]
[EndTime "9:32:02 PDT"]
[Termination "Cmorales2001 won by checkmate"]

1. d4 Nf6 2. c4 e6 3. Nf3 Bb4+ 4. Bd2 a5 5. g3 d6 6. Bg2 Qe7 7. O-O O-O 8. Nc3 e5 9. Rc1 Nc6 10. d5 Nb8 11. e4 Nbd7 12. Re1 Nc5 13. Qc2 Bd7 14.
a3 Bxc3 15. Bxc3 Ba4 16. Qe2 Ncxe4 17. Nd2 Nxc3 18. Rxc3 b6 19. f4 Rfe8 20. Re3 Nd7 21. Nf3 f6 22. b3 Bxb3 23. Rxb3 Nc5 24. Re3 Qd7 25. Nd4 Kh8 26. fxe5 dxe5 27. Ne6 Qd6 28. Qg4 Nxe6 29. dxe6 Rad8 30. Bd5 c6 31. Be4 Rxe6 32. Rd3 Qc5+ 33. Kg2 Rxd3 34. Bxd3 Qd6 35. Rd1 g6 36. Be4 Qe7 37. Qe2 f5 38. Bc2 Kg7 39. Qd2 e4 40. Qd4+ Kh6 41. h4 e3 42. Re1 c5 43.
Qf4+ Kg7 44. Ba4 Qb7+ 45. Kh3 e2 46. Qf2 Qe4 47. Bd7 Re7 48. Bb5 Qd3 49. a4 Qd1 50. Kg2 Qd3 51. Kg1 Re3 52. Kg2 Qe4+ 53. Kh2 h6 54.
Bd7 Qe5 55. Bc6 g5 56. hxg5 hxg5 57. Bg2 f4 58. gxf4 gxf4 59. Bf3 Qc3 60. Rg1+ Kf8 61. Bd5 Rh3+ 62. Kg2 Rg3+ 63. Kh2 Rxg1 64. Qg2 Rxg2+ 65. Kxg2 e1=Q 66. Bf3 Qg3+ 67. Kh1 Qce1# 0-1

[Event "Early-Titled-Tuesday-Blitz-June-18-2024"]
[Site "Chess.com"]
[Date "2024.06.18"]
[Round "8"]
[White "Anton_Demchenko"]
[Black "superchess02"]
[Result "0-1"]
[WhiteElo "2977"]
[BlackElo "2913"]
[TimeControl "180+1"]
[EndTime "9:32:05 PDT"]
[Termination "superchess02 won by resignation"]

1. e4 e5 2. Nf3 Nf6 3. Nxe5 d6 4. Nf3 Nxe4 5. Qe2 Qe7 6. d3 Nf6 7. Bg5 Qxe2+ 8. Bxe2 Be7 9. Nc3 c6 10. O-O-O h6 11.
Bd2 Bf5 12. h3 Nbd7 13. Rde1 O-O-O 14. Nd4 Bh7 15. f4 Rhe8 16. g4 d5 17. Bd1 Bc5 18. Nf3 Rxe1 19. Rxe1 Re8 20. Rf1 Nf8 21. Ne2 N6d7 22.
Ng3 f6 23. f5 Bg8 24. Nh5 Re7 25. Nf4 Bf7 26. c3 Be3 27. Bxe3 Rxe3 28. Kd2 Re7 29. d4 Kc7 30. Bc2 Nb6 31. Bd3 Nc8 32. h4 Nd6 33. Re1 Rxe1 34. Kxe1 Kd7 35. Kf2 Ke7 36. Ke3 Nd7 37. b3 a5 38. Ng1 b6 39. Nge2 c5 40.
Ng3 c4 41. Bc2 cxb3 42. Bxb3 Nc4+ 43. Bxc4 dxc4 44. Ne4 b5 45. d5 Nb6 46. Kd4 b4 47. cxb4 axb4 48. Ne6 b3 49. axb3 cxb3 50. d6+ Kd7 51. N6c5+ Kc6 52. Kc3 Bd5 53. d7 Nxd7 54. Nxd7 Kxd7 55. Ng3 Bf7 56. Ne4 Kc6 57. g5 Kd5 58.
Ng3 Ke5 59. g6 Bg8 60. Nh5 Kxf5 61. Nxg7+ Kxg6 62. Ne8 f5 63. Nd6 f4 64. Ne4 Kf5 65.
Nf2 f3 66. Kb2 Kf4 67. Kc3 Kg3 68. Ne4+ Kg2 69. h5 f2 70. Nd2 f1=Q 71. Nxf1 Kxf1 72.
Kb2 Kg2 73. Kc3 Kg3 0-1

[Event "Early-Titled-Tuesday-Blitz-June-18-2024"]
[Site "Chess.com"]
[Date "2024.06.18"]
[Round "8"]
[White "artooon"]
[Black "Karateloru"]
[Result "1-0"]
[WhiteElo "3095"]
[BlackElo "2783"]
[TimeControl "180+1"]
[EndTime "9:32:05 PDT"]
[Termination "artooon won by resignation"]

1. e4 c6 2. d4 d5 3. e5 Bf5 4. Nc3 e6 5. g4 Bg6 6. Nge2 c5 7. h4 h5 8. Nf4 Bh7 9. g5 Bf5 10. g6 fxg6 11. Bd3 Qd7 12. Nxg6 Bxg6 13. Bxg6+ Kd8 14.
Qf3 Ne7 15. Bg5 Nc6 16. Nb5 Nxd4 17. Nxd4 cxd4 18. O-O-O Kc7 19. Bxh5 Nc6 20. Bg4 Be7 21.
Qg3 Bxg5+ 22. hxg5 Qf7 23. Kb1 Raf8 24. f3 Kd7 25. a3 Rxh1 26. Rxh1 Qf4 27. Qxf4 Rxf4 28. Rh7 Nxe5 29. Rxg7+ Kd6 30. Bh5 Nxf3 31. g6 Ne5 32.
Rxb7 Rf1+ 33. Ka2 Rg1 34. g7 a5 35. Be8 d3 36. cxd3 Nxd3 37. Rd7+ Ke5 38. Rc7 Rg2 39. Bb5 Nf4 40. Be8 d4 41. Kb3 d3 42. Rd7 Nd5 43.
Bh5 Nf6 44. Bf3 Rg3 45. Rxd3 Rxg7 46. Ka4 Ra7 47. Kb5 Ne8 48. Bc6 Nd6+ 49. Kc5 Nf5 50. Kb6 Rh7 51. Kxa5 Rh2 52. b4 Nd4 53. b5 Rc2 54.
Kb6 Nf5 55. a4 Nd6 56. Rd1 Nc4+ 57. Kc7 Rb2 58. Rc1 Na5 59. b6 Rb4 60. Bb5 Kd4 61. b7 Nxb7 62. Kxb7 e5 63. Kb6 e4 64. a5 Rb2 65. a6 Ra2 66. Rc4+ Ke5 67. Ra4 1-0

[Event "Early-Titled-Tuesday-Blitz-June-18-2024"]
[Site "Chess.com"]
[Date "2024.06.18"]
[Round "8"]
[White "ATM622"]
[Black "Feegus"]
[Result "0-1"]
[WhiteElo "2537"]
[BlackElo "2687"]
[TimeControl "180+1"]
[EndTime "9:32:06 PDT"]
[Termination "Feegus won by resignation"]

1. d4 d5 2. c4 e6 3. Nf3 Nf6 4.
g3 Bb4+ 5. Nbd2 O-O 6. Bg2 dxc4 7. Qc2 b5 8. a4 c6 9. axb5 cxb5 10. Ng5 h6 11. h4 Nc6 12. Bxc6 Rb8 13. Bg2 Qxd4 14. Nf3 Qb6 15. O-O Bb7 16. Ne5 Rfd8 17. Ndf3 Be4 18. Be3 Bxc2 19. Bxb6 Rxb6 20. Rxa7 Rf8 21. Nd4 Be4 22.
f3 Bd5 23. e4 Bc5 24. Rd1 Rd6 25. Kh2 Bxa7 26. exd5 Rxd5 27. Nec6 Bxd4 28. Ne7+ Kh7 29.
Nxd5 exd5 30. Rxd4 Re8 31. Rd2 b4 32. f4 c3 33.
bxc3 bxc3 34. Rc2 d4 35. Kg1 d3 36. Rxc3 d2 37. Bf3 d1=Q+ 38. Bxd1 Re1+ 39. Kg2 Rxd1 40. Rc7 Rd7 41. Rc3 h5 42. Ra3 Rd5 43. Rb3 Kg6 44.
Ra3 Kf5 45. Kf3 Ne4 46. Re3 Rd4 47. Ra3 Nf6 48. Ra5+ Rd5 49. Ra3 Ng4 50. Rb3 f6 51. Ra3 Rd2 52. Ra5+ Kg6 53. f5+ Kh6 54. Ra8 Kh7 55.
Ra3 Rf2+ 56. Ke4 Rf1 57. Rb3 Ne5 58. Rc3 Nf7 59. Rc7 Nd6+ 60. Kd5 Nxf5 61. Ke6 Nxg3 62.
Kf7 Nf5 63. Rc5 Kh6 64. Rc8 Kh7 65. Rc5 Nh6+ 66. Kf8 f5 67. Rc7 Rg1 68. Rd7 Rg4 69.
Ra7 f4 70. Ra3 Rxh4 71. Rf3 Rg4 72. Rf1 Kg6 73. Ra1 Kg5 74. Kxg7 Nf5+ 75. Kf7 f3 76.
Ke6 f2 77. Rf1 Rf4 78. Ke5 Ng3 79. Rxf2 Rxf2 0-1